 Dungeon Crawl Stone Soup version 0.30.0-15-g856e2d3f33 (webtiles) character file.

Game seed: 6656016841340240345

469 qw the Covered (level 7, -7/43 HPs)
             Began as a Gargoyle Cinder Acolyte on May 18, 2023.
             Was a Priest of Ignis.
             Mangled by an ogre
             ... wielding a +0 giant spiked club
              (9 damage)
             ... on level 5 of the Dungeon.
             The game lasted 00:01:31 (3696 turns).

qw the Covered (Gargoyle Cinder Acolyte)            Turns: 3696, Time: 00:01:31

Health: -7/43      AC: 25    Str: 20    XL:     7   Next: 9%
Magic:  8/8        EV:  6    Int: 14    God:    Ignis [***...]
Gold:   241        SH:  0    Dex: 11    Spells: 8/8 levels left

rFire   + . .        Y - +0 war axe
rCold   . . .        (no shield)
rNeg    + . .        c - +0 plate armour
rPois   inf          d - +0 helmet
rElec   +            (no cloak)
rCorr   .            (no gloves)
SInv    .            (no boots)
Will    .....        (no amulet) Stlth
                     k - +6 ring of dexterity
HPRegen 0.27/turn    (no ring)
MPRegen 0.11/turn

%: no passive effects
@: fiery-armoured
A: sickness immunity, AC +4, negative energy resistance 1, electricity
resistance, torment resistance 1, petrification resistance
a: Renounce Religion, Fiery Armour, Foxfire Swarm, Rising Flame


You were on level 5 of the Dungeon.
You worshipped Ignis.
Ignis was most pleased with you.
You visited 1 branch of the dungeon, and saw 5 of its levels.

You collected 241 gold pieces.


Innate Abilities, Weirdness & Mutations

You are immune to sickness and miasma.
Your stone body is resilient. (AC +4)
You are immune to poison.
You resist negative energy. (rN+)
You are resistant to electric shocks. (rElec)
You are resistant to unholy torment.
You are immune to petrification.


   Skills:
 - Level 4.0 Fighting
 + Level 5.1 Axes
 - Level 5.2 Armour
 - Level 1.0 Spellcasting
 - Level 3.0 Fire Magic


You had 8 spell levels left.
You didn't know any spells.
Your spell library contained the following spells:

 Spells                   Type           Power      Damage    Failure   Level
 Scorch                   Fire           18%        2d6       96%         2

Inventory:

Hand Weapons
 a - a -1 hand axe of flaming
 Y - a +0 war axe (weapon)
Armour
 c - a +0 plate armour (worn)
 d - a +0 helmet (worn)
Jewellery
 k - a +6 ring of dexterity (left hand)
Wands
 b - a wand of digging (7)
Scrolls
 i - a scroll of identify
Potions
 e - 8 potions of curing
 f - 5 potions of might
 g - a potion of haste
 l - a potion of cancellation {unknown}
 m - a potion of mutation {unknown}

Dungeon Overview and Level Annotations

Branches:
Dungeon (5/15)
 Temple: D:4-7

Altars:

Annotations:
D:5 1 runed translucent door


Message History

Found 10 gold pieces.
The ogre hits you with a +0 giant spiked club!!
Ouch! That really hurt!
The shadow imp shouts, "Get thee hence, thou frothy roguish clack-dish!"
3690 ||| INVOKING Fiery Armour.
A protective cloak of flame settles atop you.
You hear a shout!
You closely miss the ogre. The ogre barely misses you.
You hit the ogre but do no damage. Your punch misses the ogre.
The ogre hits you with a +0 giant spiked club!
The ogre is burned by your cloak of flames.
The ogre is lightly wounded.
The shadow imp gestures at you. Pain shoots through your body!
You hit the ogre.
The ogre is moderately wounded.
The ogre closely misses you.
The shadow imp hits you but does no damage.
The shadow imp is burned by your cloak of flames.
The shadow imp is lightly wounded.
You hit the ogre but do no damage.
The ogre is moderately wounded.
You hit the shadow imp. The ogre hits you but does no damage.
The ogre is burned by your cloak of flames.
The ogre is heavily wounded.
The shadow imp hits you but does no damage.
The shadow imp is burned by your cloak of flames.
The shadow imp is severely wounded.
You slash the shadow imp!
You kill the shadow imp!
You hit the ogre.
An orc comes into view. It is wielding a +0 hand axe.
The orc shouts!
You hit the ogre but do no damage.
The ogre is heavily wounded.
You hear a shout!
The ogre hits you with a +0 giant spiked club!
You die...

#.##... ##......
#.....## ###
####......#
##.###..#......#
##.>##..........+
####.....(.##.##...#
##..........#####...#
#...@....?.## ##.....
##.O#......#.##.....#
#..##............#..
#.o..............##.
#............###....
...#.........# ##<..
.#.. ....... #.....
$##. .... #....#
#.##..


You could see an ogre and an orc.

Vanquished Creatures
  Grinder (D:4)
  A gnoll bouda (D:4)
  Jessica (D:3)
  An iguana (D:4)
  Terence (D:2)
  7 gnolls
  An adder (D:4)
  A shadow imp (D:5)
  An ufetubus (D:5)
  A worm (D:3)
  4 dart slugs
  2 orcs
  5 bats
  4 endoplasms
  3 giant cockroaches
  9 goblins
  4 hobgoblins
  2 jackals (D:1)
  5 kobolds
  2 quokkas (D:4)
  2 ball pythons
  5 frilled lizards
  3 rats (D:1)
66 creatures vanquished.

Notes
Turn   | Place    | Note
-------+----------+-------------------------------------------
     0 | D:1      | qw the Gargoyle Cinder Acolyte began the quest for the Orb.
     0 | D:1      | Reached XP level 1. HP: 14/14 MP: 2/2
     0 | D:1      | 0 ||| qw: Version: 0.2-a-95-gc95f03d
     0 | D:1      | 0 ||| qw: Game counter: 53
     0 | D:1      | 0 ||| qw: Always use a shield: true
     0 | D:1      | 0 ||| qw: God list: Okawaru
     0 | D:1      | 0 ||| qw: Allow faded altars: false
     0 | D:1      | 0 ||| qw: Do Orc after D:15 true
     0 | D:1      | 0 ||| qw: Do second Lair branch before Depths: true
     0 | D:1      | 0 ||| qw: Lair rune preference: random
     0 | D:1      | 0 ||| qw: Plans: Normal
     0 | D:1      | 0 ||| PLANNING D:1-11
    15 | D:1      | 15 ||| Stepping ~*~*~tactically~*~*~ (stealth).
    48 | D:1      | 48 ||| Stepping ~*~*~tactically~*~*~ (stealth).
    50 | D:1      | 50 ||| Stepping ~*~*~tactically~*~*~ (hiding).
    52 | D:1      | 52 ||| Stepping ~*~*~tactically~*~*~ (hiding).
    55 | D:1      | 55 ||| INVOKING Fiery Armour.
    55 | D:1      | HP: 2/14 [frozen (3)]
    58 | D:1      | Reached skill level 3 in Axes
    59 | D:1      | Reached XP level 2. HP: 4/19 MP: 3/3
   130 | D:1      | 130 ||| SWAPPING to +0 war axe.
   214 | D:1      | 214 ||| Stepping ~*~*~tactically~*~*~ (hiding).
   345 | D:1      | 345 ||| Stepping ~*~*~tactically~*~*~ (stealth).
   346 | D:1      | 346 ||| Stepping ~*~*~tactically~*~*~ (stealth).
   348 | D:1      | 348 ||| Stepping ~*~*~tactically~*~*~ (stealth).
   624 | D:1      | 624 ||| Stepping ~*~*~tactically~*~*~ (stealth).
   625 | D:1      | 625 ||| Stepping ~*~*~tactically~*~*~ (stealth).
   734 | D:1      | 734 ||| INVOKING Fiery Armour.
   736 | D:1      | Reached XP level 3. HP: 10/23 MP: 4/4
  1145 | D:1      | 1145 ||| UPGRADING to +0 scale mail.
  1155 | D:1      | 1155 ||| DROPPING +0 robe.
  1156 | D:1      | 1156 ||| READING scroll labelled YMUNLOCE DOEHU.
  1157 | D:1      | 1157 ||| READING 2 scrolls labelled XIDOQ NOBIQ.
  1158 | D:1      | 1158 ||| READING scroll labelled LENKEI XUKHA.
  1159 | D:1      | 1159 ||| READING scroll labelled WOSOOD NASOXT.
  1160 | D:1      | 1160 ||| DRINKING 2 red potions.
  1259 | D:2      | Noticed Terence
  1275 | D:2      | 1275 ||| INVOKING Fiery Armour.
  1277 | D:2      | Killed Terence
  1278 | D:2      | Reached skill level 1 in Armour
  1361 | D:2      | 1361 ||| Stepping ~*~*~tactically~*~*~ (hiding).
  1370 | D:2      | Reached XP level 4. HP: 25/28 MP: 5/5
  1386 | D:2      | 1386 ||| Stepping ~*~*~tactically~*~*~ (hiding).
  1387 | D:2      | 1387 ||| Stepping ~*~*~tactically~*~*~ (hiding).
  1778 | D:2      | 1778 ||| UPGRADING to +0 chain mail.
  1788 | D:2      | 1788 ||| DROPPING +0 scale mail.
  1789 | D:2      | 1789 ||| READING scroll labelled GALEZO UHAHEAT.
  1790 | D:2      | 1790 ||| READING scroll labelled GYMUST OCVICI.
  1791 | D:2      | 1791 ||| READING scroll labelled DASHOT ERULL.
  1792 | D:2      | 1792 ||| READING scroll labelled USINENLORY.
  1793 | D:2      | 1793 ||| DRINKING 2 glowing white potions.
  1807 | D:3      | Noticed Jessica
  1815 | D:3      | Killed Jessica
  1853 | D:3      | 1853 ||| Stepping ~*~*~tactically~*~*~ (stealth).
  2319 | D:3      | 2319 ||| Stepping ~*~*~tactically~*~*~ (hiding).
  2325 | D:3      | 2325 ||| INVOKING Fiery Armour.
  2328 | D:3      | Reached XP level 5. HP: 26/32 MP: 6/6
  2511 | D:3      | 2511 ||| UPGRADING to +0 plate armour.
  2521 | D:3      | 2521 ||| DROPPING +0 chain mail.
  2522 | D:3      | 2522 ||| UPGRADING to +6 ring of dexterity.
  2611 | D:4      | 2611 ||| INVOKING Fiery Armour.
  2691 | D:4      | 2691 ||| Stepping ~*~*~tactically~*~*~ (hiding).
  2692 | D:4      | 2692 ||| Stepping ~*~*~tactically~*~*~ (hiding).
  2974 | D:4      | Noticed Grinder
  2975 | D:4      | 2975 ||| Stepping ~*~*~tactically~*~*~ (hiding).
  2982 | D:4      | 2982 ||| INVOKING Fiery Armour.
  2987 | D:4      | Killed Grinder
  2988 | D:4      | Reached XP level 6. HP: 16/37 MP: 7/7
  2995 | D:4      | Reached XP level 7. HP: 16/42 MP: 8/8
  3530 | D:4      | 3530 ||| UPGRADING to +0 helmet.
  3535 | D:4      | 3535 ||| DRINKING 2 fuming cyan potions.
  3536 | D:4      | 3536 ||| DRINKING 2 pink potions.
  3584 | D:4      | 3584 ||| READING 2 scrolls of identify.
  3584 | D:4      | 3584 ||| IDENTIFYING fuming white potion
  3585 | D:4      | 3585 ||| DROPPING potion of lignification.
  3586 | D:4      | 3586 ||| DROPPING potion of degeneration.
  3653 | D:5      | Entered Level 5 of the Dungeon
  3655 | D:5      | Found a runed translucent door.
  3689 | D:5      | 3689 ||| Stepping ~*~*~tactically~*~*~ (stealth).
  3690 | D:5      | 3690 ||| INVOKING Fiery Armour.
  3692 | D:5      | HP: 7/43 [ogre/+0 giant spiked club (14)]
  3692 | D:5      | HP: 1/43 [shadow imp/nerve-wracking pain (6)]
  3696 | D:5      | Mangled by an ogre

Levels and vault maps discovered:
D:1:      erik_arrival_cave_to_civilisation [erik_arrival_cave_to_hall],
          layout_basic, ebering_dispersal_statue_hall
D:2:      layout_rooms, uniq_terence
D:3:      layout_loops_ring, dk_vineyard_1, uniq_jessica
D:4:      kennysheep_spiral_hall, layout_loops_ring, uniq_grinder
D:5:      layout_cave_pools, minmay_temple_entry_antechambers,
          ebering_ghost_reflecting_pool, dreamdust_wishing_well,
          uniq_blork_the_orc, uniq_eustachio, uniq_prince_ribbit1, uniq_pikel

Skill      XL: |  1  2  3  4  5  6  7 |
---------------+----------------------+-----
Axes           | 3 4 5 |  5.1
Armour         | 1 2 5 |  5.2
Fighting       | 4 |  4.0
Spellcasting   | |  1.0
Fire Magic     | |  3.0

Action                     |  1- 3 |  4- 6 |  7- 9 || total
---------------------------+-------+-------+-------++-------
  Melee: Hand axe          |     9 |       |       ||     9
         War axe           |    73 |   121 |    19 ||   213
         Punch             |     1 |       |       ||     1
 Invoke: Fiery Armour      |     3 |     3 |     1 ||     7
    Use: Scroll            |     4 |     4 |     1 ||     9
         Potion            |     1 |     1 |     2 ||     4
 Armour: Robe              |    29 |       |       ||    29
         Scale mail        |     6 |     3 |       ||     9
         Chain mail        |       |    51 |       ||    51
         Plate armour      |       |    24 |    15 ||    39
  Dodge: Dodged            |    50 |    54 |     9 ||   113

Table legend:
 A = Non-vault XP
 B = Vault XP
 C = Vault XP percentage of total XP
 D = Non-vault monster count
 E = Vault monster count
 F = Vault count percentage of total count
                 A         B        C        D         E       F
            +---------+---------+-------+---------+---------+-------
      Total |     252 |     418 |  62.4 |      59 |       7 |  10.6
            +---------+---------+-------+---------+---------+-------
        D:1 |      47 |       0 |   0.0 |      26 |       0 |   0.0
        D:2 |      11 |      32 |  74.4 |       4 |       1 |  20.0
        D:3 |      65 |      37 |  36.3 |      16 |       1 |   5.9
        D:4 |     110 |     349 |  76.0 |      11 |       5 |  31.2
        D:5 |      19 |       0 |   0.0 |       2 |       0 |   0.0
            +---------+---------+-------+---------+---------+-------
